AoeStats
← TheQuietRiot

Arena

508737561Analyzed
1v1 RM · 8d ago on Sep 23, 2026· 44m 15s· 2 players
Game mode
Random Map
Map size
Tiny (2 player)
Population
200
Speed
Normal
Resources
Standard
Victory
Conquest
Starting age
Dark Age
Ending age
Imperial Age
RankedLock teamsTeams togetherTeam positionsShared explorationLock speedFull tech treeHidden civsTurbo modeCheats
Victory
Defeat
🇵🇰 Vietnamese · Pakistan
1014
+15
🇬🇧 Saxons · United Kingdom
987
-15
TheQuietRiot
9:19 Feudal Age
7:53 Loom
9:46 Double-Bit Axe
12:25 Loom
16:19 Castle Age
14:34 Horse Collar
18:27 Bow Saw
20:01 Heavy Plow
23:38 Wheelbarrow
26:39 Town Watch
27:57 Hand Cart
28:16 Gold Mining
29:21 Forging
29:12 Scale Mail Armor
30:34 Stone Mining
31:21 Gold Shaft Mining
34:32 Imperial Age
31:48 Treadmill Crane
32:18 Masonry
33:08 Iron Casting
32:59 Chain Mail Armor
32:48 Squires
33:42 Gambesons
35:24 Siege Engineers
35:52 Plate Mail Armor
36:04 Elite Skirmisher
41:24 Two-Man Saw
40:51 Ballistics
41:31 Chemistry
40:01 Capped Ram
41:20 Thumb Ring
42:07 Fletching
42:18 Padded Archer Armor
42:33 Elite Varangian Guard
Umair
8:32 Loom
10:20 Feudal Age
14:33 Castle Age
12:47 Double-Bit Axe
12:43 Horse Collar
15:58 Bow Saw
17:52 Heavy Plow
19:17 Crossbowman
23:33 Thumb Ring
24:50 Loom
26:24 Fletching
26:37 Padded Archer Armor
29:40 Imperial Age
28:05 Bodkin Arrow
28:25 Leather Archer Armor
28:44 Ballistics
28:23 Gold Mining
28:24 Stone Mining
31:51 Wheelbarrow
30:46 Arbalester
30:50 Capped Ram
33:30 Bracer
34:00 Ring Archer Armor
33:30 Bracer
35:08 Ring Archer Armor
35:46 Paper Money
37:59 Hand Cart
38:39 Murder Holes
38:26 Treadmill Crane
41:36 Hoardings
Connection lost

Rejoining the realm…

Still unreachable

The connection could not be restored.

Session expired

The server has moved on; the page needs a fresh start.